 Dungeon Crawl Stone Soup version 0.24.1-14-gf8d2b50 (webtiles) character file.

Game seed: 6809851331590549013, levelgen mode: deterministic

803 sweetbreads the Digger (level 7, -4/40 HPs)
             Began as a Gargoyle Earth Elementalist on July 29, 2020.
             Slain by Duvessa
             ... wielding a +0 rapier
              (6 damage)
             ... on level 4 of the Dungeon.
             The game lasted 00:28:51 (4863 turns).

sweetbreads the Digger (GrEE)                       Turns: 4863, Time: 00:28:52

Health: -4/40      AC:  6    Str: 11    XL:     7   Next: 91%
Magic:  0/14       EV: 12    Int: 18    God:
Gold:   120        SH:  0    Dex: 10    Spells: 7/16 levels left

rFire    . . .     SeeInvis .   a - +0 mace
rCold    . . .     Gourm    .   (no shield)
rNeg     + . .     Faith    .   c - +0 robe
rPois    ∞         Spirit   .   (no helmet)
rElec    +         Reflect  .   (no cloak)
rCorr    .         Harm     .   (no gloves)
MR       .....                  (no boots)
Stlth    ++........             (no amulet)
HPRegen  0.13/turn              (no ring)
MPRegen  0.14/turn              (no ring)

@: very slightly contaminated
A: negative energy resistance 1, electricity resistance, unbreathing,
petrification resistance, rot immunity, AC +4
a: no special abilities


You were on level 4 of the Dungeon.
You were not hungry.

You visited 2 branches of the dungeon, and saw 6 of its levels.

You collected 120 gold pieces.

Inventory:

Hand Weapons
 a - a +0 mace (weapon)
 e - a +0 club
 A - a +0 flail
 G - a +3 dagger of electrocution
Missiles
 i - 5 poisoned darts (quivered)
 o - 23 stones
 C - 7 boomerangs
Armour
 c - a +0 robe (worn)
 v - a +0 leather armour of fire resistance
 x - a scarf of cloud immunity
Jewellery
 h - an uncursed ring of see invisible {unknown}
 y - an uncursed amulet of faith
 z - a cursed amulet of inaccuracy {unknown}
Scrolls
 g - 2 scrolls of magic mapping {unknown}
 j - a scroll of amnesia {unknown}
 k - a scroll of noise {unknown}
 m - 3 scrolls of teleportation {unknown}
 n - 2 scrolls of immolation {unknown}
 q - 5 scrolls of identify {unknown}
 t - 2 scrolls of fear {unknown}
 u - 3 scrolls of enchant weapon {unknown}
 w - a scroll of blinking {unknown}
 D - a scroll of fog {unknown}
 E - a scroll of remove curse {unknown}
Potions
 b - a potion of experience {unknown}
 f - 4 potions of haste {unknown}
 l - 2 potions of agility {unknown}
 p - a potion of might {unknown}
 r - a potion of flight {unknown}
 s - a potion of heal wounds {unknown}
 B - a potion of cancellation {unknown}
Comestibles
 d - 6 rations
 F - 4 chunks of flesh


   Skills:
 + Level 2.4 Fighting
 - Level 1.5 Dodging
 - Level 2.1 Stealth
 + Level 5.0 Spellcasting
 - Level 4.0 Conjurations
   Level 0.7 Transmutations
 + Level 7.0 Earth Magic


You had 7 spell levels left.
You knew the following spells:

 Your Spells              Type           Power        Failure   Level  Hunger
a - Sandblast             Erth           ####..       1%          1    None
b - Stone Arrow           Conj/Erth      ###...       4%          3    ##.....
c - Lee's Rapid Deconstr  Erth           ####......   21%         5    ######.

Your spell library contained the following spells:

 Spells                   Type           Power        Failure   Level  Hunger
 Passwall                 Tmut/Erth      ###.....     4%          2    #......
 Animate Skeleton         Necr           N/A          13%         1    None
 Apportation              Tloc           #.....       13%         1    None
 Confusing Touch          Hex            #.....       13%         1    None
 Summon Small Mammal      Summ           #...         13%         1    None
 Petrify                  Tmut/Erth      ###.....     26%         4    ####...


Dungeon Overview and Level Annotations

Branches:
Dungeon (5/15)             Temple (1/1) D:4

Altars:
Ashenzari
Elyvilon
Gozag
Hepliaklqana
Kikubaaqudgha
Makhleb
Nemelex Xobeh
Ru
Sif Muna
Trog
Wu Jian
Xom
Zin

Annotations:
D:2 Sigmund
D:4 Duvessa


Innate Abilities, Weirdness & Mutations

You are resistant to torment.
Your stone body is resilient. (AC +4)
You are immune to poison.
You resist negative energy. (rN+)
You are resistant to electric shocks. (rElec)
You can survive without breathing.
You are immune to petrification.
You are immune to rotting.


Message History

Casting: Stone Arrow (safe; 4% risk of failure)
Confirm with . or Enter, or press ? or * to list all spells.
Aiming: Stone Arrow (safe; 4% risk of failure)
Press: ? - help, Shift-Dir - straight line, f/p - Duvessa
Aim: Duvessa, wielding a +0 rapier and wearing a +3 leather armour of fire resistance (lightly wounded, berserk, fast, unusually strong, poisoned)
The stone arrow hits Duvessa!
Duvessa is moderately wounded.
Duvessa barely misses you.
Casting: Stone Arrow (safe; 4% risk of failure)
Confirm with . or Enter, or press ? or * to list all spells.
Aiming: Sandblast (safe; 1% risk of failure)
Press: ? - help, Shift-Dir - straight line, f/p - Duvessa
Aim: Duvessa, wielding a +0 rapier and wearing a +3 leather armour of fire resistance (moderately wounded, berserk, fast, unusually strong, poisoned)
The blast of sand hits Duvessa but does no damage.
Duvessa is moderately wounded.
o - 23 stones Duvessa hits you with a +0 rapier!
* * * LOW HITPOINT WARNING * * *
Duvessa hits you with a +0 rapier.
You die...

.########.......#
#######.##.... .###
#.......##########.##.... ...#
#..[.............#.##.... ####
#..###.....##......##.... #
########.###...................
#
#........).#....####.###...####
# #..........#.####....# #.⌠.#
#
#..........#.###..##.###...####
#
#..........#..@e(.##..........#
#
#..........#.###.(##..⌠..>..⌠.#
# #............#
#....[.(.(.....# #
#............# ##.######...####
#............####.# #.⌠.# ##
#..........#.#.^..# ##...###.
############)#.#### #........
########...)>#.# #.#......
#.......).####.# #.#...###


You could see Duvessa (berserk).

Vanquished Creatures
  2 phantoms
  3 ogres
  Dowan (D:4)
  A scorpion (D:4)
  A hound (D:4)
  A jelly (D:3)
  A bullfrog skeleton (D:4)
  A worker ant (D:4)
  A hound skeleton (D:4)
  4 adders
  A worm (D:2)
  A dart slug (D:3)
  3 leopard geckos
  21 orcs
  6 bats
  5 giant cockroaches
  7 goblins
  8 hobgoblins
  12 jackals
  5 kobolds
  3 quokkas
  3 ball pythons
  5 frilled lizards
  A jackal skeleton (D:4)
  6 rats
103 creatures vanquished.

Notes
Turn   | Place    | Note
-------+----------+-------------------------------------------
     0 | D:1      | sweetbreads the Gargoyle Earth Elementalist began the quest
                  | for the Orb.
     0 | D:1      | Reached XP level 1. HP: 10/10 MP: 3/3
   207 | D:1      | Reached XP level 2. HP: 13/15 MP: 3/5
   245 | D:1      | Reached skill level 4 in Earth Magic
   709 | D:1      | You fall into a shaft and drop 1 floor!
   711 | D:2      | Reached XP level 3. HP: 18/19 MP: 6/6
   716 | D:2      | Learned a level 3 spell: Stone Arrow
   760 | D:2      | Noticed Sigmund
  1483 | D:2      | Reached skill level 1 in Conjurations
  1605 | D:2      | Reached XP level 4. HP: 24/24 MP: 3/8
  1888 | D:3      | Found a white marble altar of Elyvilon.
  2251 | D:3      | Reached skill level 5 in Earth Magic
  2457 | D:3      | Reached XP level 5. HP: 26/28 MP: 0/9
  3154 | D:4      | Found a staircase to the Ecumenical Temple.
  3223 | Temple   | Entered the Ecumenical Temple
  3476 | D:3      | Found a sparkling altar of Nemelex Xobeh.
  3715 | D:4      | Noticed a phantom
  3767 | D:4      | Killed a phantom
  3767 | D:4      | Reached XP level 6. HP: 19/32 MP: 0/11
  3774 | D:4      | Learned a level 5 spell: Lee's Rapid Deconstruction
  3890 | D:4      | Reached skill level 6 in Earth Magic
  4067 | D:4      | Noticed Duvessa
  4069 | D:4      | Noticed Dowan
  4288 | D:4      | Reached XP level 7. HP: 18/36 MP: 9/13
  4345 | D:5      | Entered Level 5 of the Dungeon
  4556 | D:5      | Reached skill level 1 in Fighting
  4845 | D:4      | Killed Dowan
  4845 | D:4      | Reached skill level 5 in Spellcasting
  4845 | D:4      | Reached skill level 7 in Earth Magic
  4862 | D:4      | HP: 2/40 [Duvessa/+0 rapier (10)]
  4863 | D:4      | Slain by Duvessa

Levels and vault maps discovered:
D:1:      saegor_arrival_simple_b, layout_loops_corners
D:2:      layout_basic, uniq_sigmund
D:3:      layout_loops_ring, nicolae_overflow_hidden_temple,
          nemelex_lonely_heart_becter
D:4:      layout_basic, minmay_temple_entry_junction, first_ration, uniq_duvessa
D:5:      layout_rooms, lemuel_zombie_altar_yredelemnul, okawaru_trees_2,
          nicolae_dithmenos_through_a_glass_darkly,
          nicolae_qazlal_general_emergency
Temple:   jpeg_temple_clearing

Skill      XL: |  1  2  3  4  5  6  7 |
---------------+----------------------+-----
Earth Magic    | 4 5 6 7 |  7.0
Conjurations   | 1 2 3 4 |  4.0
Spellcasting   | 3 4 5 |  5.0
Fighting       | 2 |  2.4
Dodging        | |  1.5
Stealth        | |  2.1
Transmutations | |  0.7

Action                   |  1- 3 |  4- 6 |  7- 9 || total
-------------------------+-------+-------+-------++-------
Melee: Unarmed           |    35 |       |       ||    35
       Club              |    81 |       |       ||    81
       Mace              |     2 |   121 |    22 ||   145
Throw: Dart              |     9 |    23 |    18 ||    50
 Cast: Sandblast         |    33 |    15 |     2 ||    50
       Stone Arrow       |       |    31 |    13 ||    44
 Stab: Sleeping          |     3 |     2 |       ||     5
  Eat: Chunk             |     3 |    11 |       ||    14
       Ration            |       |       |     1 ||     1
Armor: Robe              |    54 |    52 |    11 ||   117
Dodge: Dodged            |   119 |   131 |    24 ||   274
